Map: Tours du crépuscule

Players

Imotep - Winner!

  • Race: Protoss Protoss
  • League: Master

YogorōMōri (YoGo)

  • Race: Zerg Zerg
  • League: Grandmaster

VOD

Have the link to the VOD?

Description

Time

  • Played on: Feb. 10, 2016, 11:30 a.m.
  • Length: 23:39
Show
View Real Time Build Order
Export as new Build Order

Imotep Protoss - Winner!

Build Orders: Nexus First 

Get SALT Encoding   

  12  0:00  Probe (Chrono Boost)  
  13  0:11  Probe (Chrono Boost)  
  14  0:17  Pylon  
  14  0:22  Probe (Chrono Boost)  
  15  0:35  Probe (Chrono Boost)  
  16  0:46  Probe (Chrono Boost)  
  17  0:57  Nexus  
  17  1:10  Gateway  
  17  1:14  Probe (Chrono Boost)  
  17  1:16  Assimilator  
  18  1:24  Probe (Chrono Boost)  
  19  1:25  Assimilator  
  19  1:35  Probe (Chrono Boost)  
  20  1:45  Probe (Chrono Boost)  
  21  1:49  Gateway  
  21  1:56  Probe (Chrono Boost)  
  21  1:57  Cybernetics Core  
  22  2:06  Probe (Chrono Boost)  
  23  2:13  Probe (Chrono Boost)  
  24  2:17  Probe (Chrono Boost)  
  25  2:23  Probe (Chrono Boost)  
  25  2:27  Probe (Chrono Boost)  
  27  2:34  Adept, Probe (Chrono Boost)  
  30  2:38  Probe (Chrono Boost)  
  30  2:39  Adept  
  30  2:40  Warp Gate  
  33  2:44  Probe (Chrono Boost)  
  33  2:46  Pylon  
  33  2:48  Probe (Chrono Boost)  
  35  2:55  Probe (Chrono Boost)  
  36  2:59  Probe (Chrono Boost)  
  36  3:05  Probe (Chrono Boost), Sentry  
  40  3:07  Sentry  
  40  3:10  Probe (Chrono Boost)  
  43  3:13  Pylon  
  43  3:16  Probe (Chrono Boost)  
  44  3:20  Probe (Chrono Boost)  
  44  3:26  Probe (Chrono Boost)  
  46  3:31  Adept  
  46  3:32  Mothership Core (Chrono Boost)  
  46  3:33  Adept  
  52  3:37  Probe (Chrono Boost)  
  52  3:38  Pylon  
  53  3:44  Nexus  
  53  3:47  Assimilator  
  53  3:48  Probe (Chrono Boost)  
  54  3:53  Assimilator  
  54  3:56  Probe (Chrono Boost)  
  54  3:58  Adept  
  54  3:59  Probe (Chrono Boost)  
  54  4:00  Adept  
  60  4:07  Probe (Chrono Boost)  
  61  4:10  Pylon, Probe (Chrono Boost)  
  62  4:23  Stargate x2  
  62  4:28  Probe x2 (Chrono Boost)  
  64  4:32  Pylon  
  64  4:33  Pylon  
  64  4:39  Probe x2 (Chrono Boost)  
  64  4:42  Adept x2  
  70  4:50  Probe x2 (Chrono Boost)  
  70  4:51  Stargate, Protoss Air Weapons Level 1  
  72  4:58  Probe (Chrono Boost)  
  72  4:59  Assimilator  
  73  5:00  Probe x2 (Chrono Boost)  
  73  5:04  Assimilator  
  75  5:07  Probe (Chrono Boost)  
  75  5:08  Oracle (Chrono Boost)  
  75  5:11  Probe  
  75  5:13  Probe  
  81  5:18  Probe  
  82  5:23  Probe  
  82  5:25  Probe  
  84  5:30  Probe  
  85  5:39  Void Ray (Chrono Boost)  
  85  5:41  Oracle (Chrono Boost)  
  92  5:47  Probe  
  93  5:51  Probe  
  93  5:54  Probe, Void Ray (Chrono Boost)  
  97  5:57  Nexus  
  97  5:59  Probe  
  97  6:00  Pylon  
  97  6:03  Probe  
  91  6:04  Probe  
  89  6:11  Probe  
  89  6:12  Forge  
  89  6:14  Forge  
  89  6:15  Probe x2  
  89  6:18  Void Ray (Chrono Boost)  
  97  6:23  Void Ray (Chrono Boost)  
  97  6:34  Probe  
  97  6:35  Probe  
  97  6:36  Probe  
  97  6:37  Fleet Beacon  
  100  6:45  Void Ray (Chrono Boost)  
  100  6:46  Probe  
  105  6:56  Void Ray (Chrono Boost)  
  109  7:03  Photon Cannon  
  109  7:05  Photon Cannon  
  109  7:08  Photon Cannon x2, Assimilator  
  109  7:10  Photon Cannon  
  109  7:13  Assimilator  
  109  7:14  Photon Cannon x2  
  109  7:18  Photon Cannon  
  121  7:23  Carrier (Chrono Boost)  
  121  7:34  Carrier (Chrono Boost)  
  121  7:40  Pylon  
  121  7:41  Pylon  
  121  7:48  Probe  
  121  7:49  Pylon  
  121  7:51  Pylon  
  122  7:53  Pylon  
  122  7:54  Photon Cannon  
  122  7:55  Pylon x2  
  122  7:56  Pylon  
  128  7:59  Probe, Carrier (Chrono Boost)  
  128  8:01  Stargate x2  
  129  8:06  Protoss Air Weapons Level 2 (Chrono Boost)  
  129  8:09  Probe  
  129  8:10  Photon Cannon  
  129  8:12  Photon Cannon  
  130  8:14  Photon Cannon  
  130  8:20  Probe  
  131  8:27  Protoss Ground Weapons Level 1, Protoss Shields Level 1  
  131  8:30  Probe  
  131  8:32  Graviton Catapult  
  132  8:36  Pylon  
  132  8:41  Probe  
  132  8:42  Photon Cannon  
  132  8:43  Photon Cannon  
  132  8:45  Photon Cannon  
  132  8:46  Carrier (Chrono Boost)  
  139  8:51  Probe  
  146  8:59  Carrier (Chrono Boost)  
  152  9:12  Carrier (Chrono Boost)  
  148  9:20  Gateway  
  148  9:22  Gateway  
  154  9:24  Gateway  
  154  9:27  Gateway  
  154  9:30  Gateway, Carrier (Chrono Boost)  
  160  9:42  Carrier (Chrono Boost)  
  166  9:49  Twilight Council  
  166  9:59  Photon Cannon  
  166  10:00  Photon Cannon  
  166  10:02  Photon Cannon  
  166  10:03  Robotics Facility  
  166  10:06  Protoss Air Weapons Level 3  
  172  10:19  Carrier (Chrono Boost)  
  172  10:20  Carrier (Chrono Boost)  
  178  10:42  Pylon  
  178  10:46  Pylon  
  190  10:57  Carrier (Chrono Boost)  
  190  11:08  Carrier (Chrono Boost)  
  190  11:20  Resonating Glaives, Carrier (Chrono Boost)  
  190  11:25  Warp Prism  
  198  11:59  Adept  
  200  12:15  Photon Cannon  
  200  12:16  Photon Cannon  
  200  12:17  Photon Cannon  
  200  12:18  Photon Cannon  
  200  12:20  Photon Cannon x2  
  200  12:24  Photon Cannon  
  200  12:25  Photon Cannon  
  200  12:26  Photon Cannon  
  200  12:27  Photon Cannon  
  200  12:28  Photon Cannon  
  200  12:35  Photon Cannon  
  200  12:41  Photon Cannon  
  198  12:48  Pylon  
  198  12:49  Pylon  
  192  13:00  Cybernetics Core  
  192  13:10  Photon Cannon  
  192  13:13  Photon Cannon  
  192  13:15  Photon Cannon  
  192  13:17  Photon Cannon  
  192  13:19  Photon Cannon  
  192  13:20  Photon Cannon  
  192  13:22  Photon Cannon x2  
  192  13:24  Photon Cannon x2  
  192  13:25  Oracle (Chrono Boost)  
  198  13:29  Oracle (Chrono Boost)  
  198  13:31  Photon Cannon  
  198  13:32  Photon Cannon  
  197  13:34  Photon Cannon  
  197  13:36  Photon Cannon  
  197  13:37  Protoss Air Armor Level 1  
  197  13:41  Adept  
  199  13:52  Nexus  
  186  14:13  Carrier (Chrono Boost)  
  194  14:24  Carrier (Chrono Boost)  
  194  14:30  Pylon  
  194  14:31  Pylon  
  194  15:00  Zealot  
  196  15:11  Phoenix x2 (Chrono Boost)  
  190  15:14  Phoenix (Chrono Boost)  
  190  15:25  Assimilator  
  190  15:27  Phoenix (Chrono Boost)  
  192  15:33  Anion Pulse-Crystals, Phoenix (Chrono Boost)  
  192  15:35  Phoenix (Chrono Boost)  
  196  15:39  Phoenix (Chrono Boost)  
  196  15:41  Phoenix (Chrono Boost)  
  200  15:46  Pylon  
  194  15:58  Phoenix x3 (Chrono Boost)  
  194  16:02  Assimilator  
  194  16:03  Photon Cannon  
  200  16:04  Photon Cannon  
  200  16:05  Assimilator  
  200  16:06  Photon Cannon  
  200  16:34  Photon Cannon x2  
  200  16:37  Photon Cannon x2, Nexus  
  200  16:39  Pylon, Photon Cannon  
  200  16:40  Pylon  
  194  16:53  Carrier (Chrono Boost)  
  196  17:18  Photon Cannon  
  190  17:25  Photon Cannon x3  
  190  17:26  Photon Cannon  
  192  17:42  Carrier (Chrono Boost)  
  192  18:05  Assimilator  
  190  18:33  Carrier (Chrono Boost)  
  200  18:44  Carrier (Chrono Boost)  
Show
View Real Time Build Order
Export as new Build Order

YogorōMōri Zerg 

Build Orders: Hatch First 

Get SALT Encoding   

  12  0:00  Drone  
  13  0:17  Overlord  
  13  0:20  Drone  
  14  0:36  Drone x2  
  14  0:41  Drone  
  17  0:55  Hatchery  
  16  0:58  Drone  
  16  1:00  Drone  
  18  1:12  Spawning Pool  
  18  1:16  Drone  
  18  1:21  Drone  
  19  1:32  Drone  
  20  1:42  Hatchery  
  19  1:50  Drone  
  20  1:56  Drone  
  21  2:06  Drone  
  21  2:07  Queen  
  24  2:08  Queen  
  24  2:11  Zergling x2  
  27  2:24  Overlord  
  27  2:25  Drone  
  28  2:42  Drone x4  
  28  2:43  Queen  
  34  2:44  Queen  
  34  2:50  Overlord  
  36  2:59  Drone x3  
  36  3:05  Overlord, Drone  
  39  3:11  Drone  
  41  3:15  Drone  
  41  3:16  Drone x5  
  47  3:23  Overlord, Extractor x2  
  47  3:25  Drone x2  
  47  3:29  Drone  
  47  3:30  Drone  
  47  3:33  Drone  
  50  3:35  Zergling x2  
  50  3:38  Drone  
  51  3:46  Drone x2  
  53  3:51  Overlord x2  
  53  3:56  Drone x4  
  57  4:05  Overlord  
  57  4:07  Metabolic Boost  
  57  4:09  Overlord  
  57  4:12  Roach Warren  
  57  4:16  Drone x7  
  63  4:19  Drone  
  63  4:21  Extractor x2  
  62  4:25  Drone  
  62  4:29  Drone  
  64  4:32  Drone  
  64  4:33  Drone x5  
  70  4:40  Overlord x2  
  70  4:41  Drone x2  
  73  4:45  Lair  
  73  4:46  Drone x2  
  73  4:54  Roach x2, Spine Crawler x2  
  73  4:57  Roach  
  77  5:01  Roach  
  77  5:03  Spine Crawler x2  
  77  5:04  Roach  
  77  5:05  Roach x3  
  85  5:16  Evolution Chamber, Roach x3  
  85  5:18  Evolution Chamber  
  89  5:25  Roach x5  
  89  5:26  Roach  
  97  5:33  Drone  
  97  5:34  Drone x4  
  96  5:43  Glial Reconstitution  
  96  5:46  Drone  
  96  5:47  Drone x5, Hydralisk Den  
  100  5:53  Drone x2  
  98  6:05  Drone x3  
  98  6:09  Drone  
  101  6:13  Extractor  
  101  6:14  Extractor, Drone x5  
  101  6:18  Lurker Den  
  101  6:29  Spore Crawler, Drone x3  
  100  6:34  Drone  
  100  6:35  Drone  
  100  6:37  Spore Crawler  
  96  6:43  Spore Crawler, Drone x2  
  96  6:44  Drone x2  
  96  6:45  Spore Crawler  
  93  6:49  Drone  
  93  6:50  Drone x2  
  92  6:56  Drone x2  
  93  7:02  Drone  
  93  7:04  Drone  
  93  7:05  Drone  
  96  7:09  Drone  
  96  7:13  Zerg Missile Weapons Level 1  
  96  7:14  Hydralisk  
  99  7:15  Hydralisk  
  99  7:19  Drone, Hatchery  
  101  7:23  Hydralisk x2  
  105  7:30  Overlord x4  
  105  7:47  Overlord  
  105  7:49  Spire, Drone  
  105  7:50  Drone  
  105  7:51  Drone x3  
  109  7:52  Hydralisk x4  
  109  7:56  Drone x3  
  120  8:01  Drone x2  
  120  8:02  Drone  
  120  8:03  Drone x2  
  123  8:09  Drone  
  123  8:11  Drone x4  
  128  8:14  Drone  
  129  8:20  Hydralisk  
  125  8:30  Hydralisk x5  
  125  8:32  Hatchery  
  134  8:36  Hydralisk x2  
  138  8:41  Extractor  
  138  8:45  Overlord  
  138  8:46  Overlord x3, Extractor  
  136  8:52  Hydralisk  
  138  8:56  Extractor  
  138  8:57  Drone  
  138  8:59  Extractor  
  138  9:01  Extractor  
  136  9:05  Overlord  
  136  9:06  Overseer  
  136  9:13  Spore Crawler, Drone x4  
  133  9:18  Drone x3  
  133  9:19  Drone x3  
  133  9:23  Drone x2  
  141  9:25  Zerg Flyer Weapons Level 1  
  141  9:30  Spore Crawler, Drone  
  141  9:31  Drone x3  
  144  9:37  Evolution Chamber  
  143  9:42  Spore Crawler  
  142  9:46  Hatchery  
  142  9:51  Spore Crawler  
  140  10:03  Zerg Melee Weapons Level 1  
  140  10:08  Evolution Chamber, Extractor  
  140  10:12  Extractor  
  135  10:16  Drone  
  135  10:17  Drone x5  
  141  10:33  Spore Crawler, Drone x6  
  141  10:34  Spore Crawler  
  141  10:35  Spore Crawler  
  144  10:36  Queen x2  
  144  10:37  Spore Crawler, Queen  
  144  10:38  Spore Crawler  
  144  10:39  Spore Crawler  
  144  10:40  Spore Crawler  
  144  10:42  Drone x3, Hatchery  
  148  10:43  Drone x3  
  151  11:13  Infestation Pit  
  151  11:16  Extractor  
  149  11:19  Extractor  
  149  11:25  Zerg Flyer Armor Level 1  
  148  11:37  Spore Crawler  
  148  11:39  Spore Crawler  
  144  11:52  Hive  
  144  11:54  Infestor x2  
  138  12:00  Zerg Melee Weapons Level 2  
  138  12:01  Spore Crawler x2, Zerg Ground Armor Level 1  
  123  12:03  Mutalisk  
  123  12:04  Spore Crawler x2, Mutalisk x25  
  123  12:06  Spore Crawler  
  123  12:07  Spore Crawler  
  170  12:14  Spore Crawler  
  169  12:16  Spore Crawler  
  169  12:17  Spore Crawler x2, Drone x9  
  169  12:19  Spore Crawler x2  
  170  12:32  Spore Crawler  
  166  12:40  Spore Crawler  
  166  12:42  Spore Crawler x2  
  166  12:43  Spore Crawler  
  162  12:48  Infestor x3  
  164  13:09  Drone x3  
  164  13:11  Viper x7  
  188  13:17  Adrenal Glands  
  188  13:22  Overlord x3  
  188  13:28  Baneling Nest  
  187  13:38  Drone  
  187  13:40  Drone x3  
  187  13:41  Drone x3  
  194  13:54  Viper x2  
  196  14:06  Zerg Flyer Weapons Level 2  
  196  14:13  Viper x2  
  198  14:19  Hatchery  
  195  14:24  Mutalisk  
  195  14:25  Mutalisk  
  195  14:31  Zerg Ground Armor Level 2  
  199  14:32  Zerg Melee Weapons Level 3  
  199  14:33  Zergling x2  
  200  14:40  Spore Crawler  
  187  15:01  Extractor  
  187  15:03  Spore Crawler  
  187  15:04  Spore Crawler  
  184  15:07  Spore Crawler  
  184  15:09  Spore Crawler  
  184  15:10  Zergling x36  
  198  15:24  Drone  
  198  15:25  Drone  
  189  16:04  Zergling x2  
  189  16:05  Zergling x20  
  189  16:09  Overlord  
  189  16:10  Overlord x2  
  199  16:15  Hatchery  
  199  16:16  Hatchery  
  191  16:32  Viper x3  
  187  16:41  Zerg Flyer Weapons Level 3  
  187  16:43  Viper  
  187  16:44  Viper x4  
  186  17:26  Extractor  
  186  17:27  Extractor  
  182  17:33  Mutalisk x9  
  200  18:00  Spine Crawler  
  200  18:03  Spine Crawler  
  198  18:19  Mutalisk x2  
  200  18:20  Drone  
Tags
 
Add a new tag
Caveats
  • Supply blocks, unpowered buildings, or Contaminate may cause inaccurate times.
  • Supply counts are checked every 10 seconds.